BLB
NEW ORLEANS VOODOO @ SEATTLE PILOTS
09/03/2059
 
TOP OF THE 1ST
New Orleans Voodoo batting - Pitching for Seattle Pilots : RHP B.B. Trynkov
Pitching: RHP B.B. Trynkov
Batting: LHB Jordy Wovchanoff 0-0: Called Strike
0-1: Ball
1-1: Ball
2-1: Ball
3-1: Called Strike
3-2: Fly out, F8 (Flyball, 8LM, EV 93.8 MPH)
Batting: LHB Daryl Walken 0-0: Foul Ball, location: 2F
0-1: Foul Ball, location: 2F
0-2: Strikes out swinging
Batting: LHB Devin Welninski 0-0: Fly out, F8 (Flyball, 78M, EV 85.6 MPH)
Top of the 1st over - 0 runs, 0 hits, 0 errors, 0 left on base; New Orleans 0 - Seattle 0
BOTTOM OF THE 1ST
Seattle Pilots batting - Pitching for New Orleans Voodoo : LHP Payton Durst
Pitching: LHP Payton Durst
Batting: RHB Douglas Morrison 0-0: Ball
1-0: Ball
2-0: Swinging Strike
2-1: Foul Ball, location: 2F
2-2: Foul Ball, location: 2F
2-2: Ground out 6-3 (Groundball, 6, EV 84.4 MPH)
Batting: LHB Joseph Brandon 0-0: SINGLE (Line Drive, 89S, EV 93.8 MPH)
Batting: RHB Jerry Coleman 0-0: Called Strike
0-1: Ball
1-1: Called Strike
1-2: SINGLE (Groundball, 34S, EV 85.0 MPH) (infield hit)
Joseph Brandon to second
Batting: RHB Beau Pruett 0-0: Called Strike
0-1: Ball
1-1: Ball
2-1: 3-RUN HOME RUN (Flyball, 7D, EV 98.8 MPH), Distance : 370 ft
Batting: RHB Cole Kleiner 0-0: Ball
1-0: Ball
2-0: Called Strike
2-1: DOUBLE (Flyball, 89D, EV 100.6 MPH)
Batting: RHB Nickolas Kennedy 0-0: Ball
1-0: Fly out, F8 (Flyball, 8LM, EV 78.8 MPH)
Batting: RHB Rice Mesyan 0-0: Ball
1-0: Foul Ball, location: 2F
1-1: Ground out U3 (Groundball, 3, EV 102.5 MPH)
Bottom of the 1st over - 3 runs, 4 hits, 0 errors, 1 left on base; New Orleans 0 - Seattle 3
TOP OF THE 2ND
New Orleans Voodoo batting - Pitching for Seattle Pilots : RHP B.B. Trynkov
Batting: LHB Tuck Vrsek 0-0: Called Strike
0-1: Ball
1-1: Foul Ball, location: 2F
1-2: Ball
2-2: Foul Ball, location: 2F
2-2: Strikes out swinging
Batting: RHB Darrin Cramer 0-0: Ground out 6-3 (Groundball, 6, EV 83.1 MPH)
Batting: RHB Dane Jennings 0-0: Ball
1-0: Ground out 5-3 (Groundball, 56, EV 89.4 MPH)
Top of the 2nd over - 0 runs, 0 hits, 0 errors, 0 left on base; New Orleans 0 - Seattle 3
BOTTOM OF THE 2ND
Seattle Pilots batting - Pitching for New Orleans Voodoo : LHP Payton Durst
Batting: RHB Karviar Smallwood 0-0: Ball
1-0: Called Strike
1-1: Swinging Strike
1-2: Ball
2-2: Foul Ball, location: 2F
2-2: DOUBLE (Line Drive, 3D, EV 98.1 MPH)
Batting: RHB Kynan Shaw 0-0: Foul Ball, location: 2F
0-1: Ground out 5-3 (Groundball, 5S, EV 68.1 MPH)
Karviar Smallwood to third
Batting: RHB Douglas Morrison 0-0: Foul Ball, location: 2F
0-1: Called Strike
0-2: Ball
1-2: Ball
2-2: Fly out, F9 (Flyball, 9D, EV 98.8 MPH)
Runner from 3rd tags up, SCORES, no throw by RF
Batting: LHB Joseph Brandon 0-0: Ball
1-0: Foul Ball, location: 2F
1-1: DOUBLE (Flyball, 78D, EV 95.6 MPH)
Batting: RHB Jerry Coleman 0-0: Swinging Strike
0-1: Ball
1-1: Foul Ball, location: 2F
1-2: Strikes out swinging
Bottom of the 2nd over - 1 run, 2 hits, 0 errors, 1 left on base; New Orleans 0 - Seattle 4
TOP OF THE 3RD
New Orleans Voodoo batting - Pitching for Seattle Pilots : RHP B.B. Trynkov
Batting: SHB Jaden Maldonado 0-0: Fly out, F9 (Line Drive, 9S, EV 93.8 MPH)
Batting: RHB Khaleen Romero 0-0: Ball
1-0: Foul Ball, location: 2F
1-1: Ball
2-1: Swinging Strike
2-2: Strikes out looking
Batting: RHB D'Angelo James 0-0: Ball
1-0: Ball
2-0: Called Strike
2-1: Ball
3-1: Ground out 6-3 (Groundball, 6, EV 89.4 MPH)
Top of the 3rd over - 0 runs, 0 hits, 0 errors, 0 left on base; New Orleans 0 - Seattle 4
BOTTOM OF THE 3RD
Seattle Pilots batting - Pitching for New Orleans Voodoo : LHP Payton Durst
Batting: RHB Beau Pruett 0-0: Called Strike
0-1: Ground out 4-3 (Groundball, 4, EV 99.4 MPH)
Batting: RHB Cole Kleiner 0-0: Ball
1-0: Called Strike
1-1: Fly out, F9 (Line Drive, 9LD, EV 100.0 MPH)
Batting: RHB Nickolas Kennedy 0-0: Called Strike
0-1: Swinging Strike
0-2: Ball
1-2: Ball
2-2: Strikes out swinging
Bottom of the 3rd over - 0 runs, 0 hits, 0 errors, 0 left on base; New Orleans 0 - Seattle 4
TOP OF THE 4TH
New Orleans Voodoo batting - Pitching for Seattle Pilots : RHP B.B. Trynkov
Batting: LHB Jordy Wovchanoff 0-0: Foul Ball, location: 2F
0-1: Foul Ball, location: 2F
0-2: Hit by Pitch
Batting: LHB Daryl Walken 0-0: Fly out, F4 (Popup, 4D, EV 58.1 MPH)
Batting: LHB Devin Welninski 0-0: Ball
Jordy Wovchanoff steals 2nd base
1-0: Ball
2-0: DOUBLE (Line Drive, 78D, EV 106.9 MPH)
Jordy Wovchanoff scores
Batting: LHB Tuck Vrsek 0-0: Called Strike
0-1: Ball
1-1: Swinging Strike
1-2: Strikes out looking
Batting: RHB Darrin Cramer 0-0: Fly out, F8 (Flyball, 8LD, EV 110.6 MPH)
Top of the 4th over - 1 run, 1 hit, 0 errors, 1 left on base; New Orleans 1 - Seattle 4
BOTTOM OF THE 4TH
Seattle Pilots batting - Pitching for New Orleans Voodoo : LHP Payton Durst
Batting: RHB Rice Mesyan 0-0: Ball
1-0: Ball
2-0: Ground out 6-3 (Groundball, 6, EV 91.9 MPH)
Batting: RHB Karviar Smallwood 0-0: Called Strike
0-1: Foul Ball, location: 2F
0-2: Ball
1-2: SINGLE (Groundball, 56S, EV 75.6 MPH) (infield hit)
Batting: RHB Kynan Shaw 0-0: Ball
1-0: Ball
2-0: Swinging Strike
2-1: Swinging Strike
2-2: Strikes out looking
Batting: RHB Douglas Morrison 0-0: Ball
1-0: SINGLE (Line Drive, 4MD, EV 96.9 MPH)
Karviar Smallwood to second
Batting: LHB Joseph Brandon 0-0: Called Strike
0-1: Swinging Strike
0-2: Ball
1-2: Strikes out swinging
Bottom of the 4th over - 0 runs, 2 hits, 0 errors, 2 left on base; New Orleans 1 - Seattle 4
TOP OF THE 5TH
New Orleans Voodoo batting - Pitching for Seattle Pilots : RHP B.B. Trynkov
Batting: RHB Dane Jennings 0-0: Ball
1-0: Ground out 4-3 (Groundball, 4, EV 102.5 MPH)
Batting: SHB Jaden Maldonado 0-0: Foul Ball, location: 2F
0-1: Called Strike
0-2: Foul Ball, location: 2F
0-2: Ball
1-2: Ball
2-2: Strikes out swinging
Batting: RHB Khaleen Romero 0-0: Called Strike
0-1: Ball
1-1: Ball
2-1: Ball
3-1: Foul Ball, location: 2F
3-2: Foul Ball, location: 2F
3-2: Foul Ball, location: 2F
3-2: Foul Ball, location: 2F
3-2: Base on Balls
Batting: RHB D'Angelo James 0-0: Ball
1-0: Ball
2-0: Ground out 5-3 (Groundball, 15, EV 85.6 MPH)
Top of the 5th over - 0 runs, 0 hits, 0 errors, 1 left on base; New Orleans 1 - Seattle 4
BOTTOM OF THE 5TH
Seattle Pilots batting - Pitching for New Orleans Voodoo : LHP Payton Durst
Batting: RHB Jerry Coleman 0-0: Ball
1-0: Foul Ball, location: 2F
1-1: Ball
2-1: Called Strike
2-2: SINGLE (Flyball, 3D, EV 90.6 MPH)
Batting: RHB Beau Pruett 0-0: Called Strike
0-1: Hit by Pitch
Jerry Coleman to second
Batting: RHB Cole Kleiner 0-0: Ball
1-0: Ball
2-0: Foul Ball, location: 2F
2-1: Foul Ball, location: 2F
2-2: Foul Ball, location: 2F
2-2: Foul Ball, location: 2F
2-2: Fly out, F8 (Flyball, 8RD, EV 91.2 MPH)
Batting: RHB Nickolas Kennedy 0-0: Ball
1-0: Grounds into double play, 4-6-3 (Groundball, 4, EV 110.6 MPH)
Bottom of the 5th over - 0 runs, 1 hit, 0 errors, 1 left on base; New Orleans 1 - Seattle 4
TOP OF THE 6TH
New Orleans Voodoo batting - Pitching for Seattle Pilots : RHP B.B. Trynkov
Batting: LHB Jordy Wovchanoff 0-0: Ball
1-0: SINGLE (Line Drive, 89S, EV 101.9 MPH)
Batting: LHB Daryl Walken 0-0: Foul Ball, location: 2F
0-1: Fly out, F9 (Flyball, 89S, EV 92.5 MPH)
Batting: LHB Devin Welninski 0-0: Ball
Jordy Wovchanoff steals 2nd base
1-0: Ball
2-0: Ball
3-0: Called Strike
3-1: Foul Ball, location: 2F
3-2: Base on Balls
Batting: LHB Tuck Vrsek 0-0: Foul Ball, location: 2F
0-1: Foul Ball, location: 2F
0-2: Ball
1-2: Foul Ball, location: 2F
1-2: DOUBLE (Flyball, 8RXD, EV 103.1 MPH)
Jordy Wovchanoff scores
Devin Welninski to third
Runner from 3rd tries for Home, SAFE, throw by CF to trailing runner, SAFE at third!
Batting: RHB Darrin Cramer 0-0: Ball
1-0: Swinging Strike
1-1: Swinging Strike
1-2: Strikes out looking
Batting: RHB Dane Jennings 0-0: Ground out 6-3 (Groundball, 6D, EV 103.8 MPH)
Top of the 6th over - 2 runs, 2 hits, 0 errors, 1 left on base; New Orleans 3 - Seattle 4
BOTTOM OF THE 6TH
Seattle Pilots batting - Pitching for New Orleans Voodoo : LHP Payton Durst
Batting: RHB Rice Mesyan 0-0: Swinging Strike
0-1: Ground out 6-3 (Groundball, 6, EV 92.5 MPH)
Batting: RHB Karviar Smallwood 0-0: Ball
1-0: Ball
2-0: Called Strike
2-1: DOUBLE (Flyball, 8RXD, EV 111.2 MPH)
Batting: RHB Kynan Shaw 0-0: Called Strike
0-1: Ball
1-1: Ball
2-1: Foul Ball, location: 2F
2-2: Strikes out swinging
Pitching: LHP Vanni Roos
Batting: RHB Douglas Morrison 0-0: Called Strike
0-1: SINGLE (Line Drive, 78S, EV 98.1 MPH)
Karviar Smallwood to third
Runner from 3rd tries for Home, SAFE, throw by LF to home
Batting: LHB Joseph Brandon 0-0: Ball
1-0: Foul Ball, location: 2F
1-1: Swinging Strike
1-2: Strikes out swinging
Bottom of the 6th over - 1 run, 2 hits, 0 errors, 1 left on base; New Orleans 3 - Seattle 5
TOP OF THE 7TH
New Orleans Voodoo batting - Pitching for Seattle Pilots : RHP B.B. Trynkov
Batting: SHB Jaden Maldonado 0-0: Ball
1-0: Ball
2-0: Called Strike
2-1: Ball
3-1: Foul Ball, location: 2F
3-2: Strikes out swinging
Batting: RHB Khaleen Romero 0-0: Called Strike
0-1: Ball
1-1: SINGLE (Groundball, 56D, EV 108.1 MPH)
Batting: RHB D'Angelo James 0-0: Ball
1-0: Foul Ball, location: 2F
1-1: Called Strike
1-2: Ball
2-2: Fly out, F8 (Flyball, 8LM, EV 86.2 MPH)
Batting: LHB Jordy Wovchanoff 0-0: Called Strike
0-1: Ball
1-1: Ball
2-1: Foul Ball, location: 2F
2-2: Foul Ball, location: 2F
2-2: Strikes out swinging
Top of the 7th over - 0 runs, 1 hit, 0 errors, 1 left on base; New Orleans 3 - Seattle 5
BOTTOM OF THE 7TH
Seattle Pilots batting - Pitching for New Orleans Voodoo : LHP Vanni Roos
Batting: RHB Jerry Coleman 0-0: Called Strike
0-1: Ball
1-1: Reached on error, E3 (Groundball, 3S, EV 81.9 MPH)
Batting: RHB Beau Pruett 0-0: Ball
1-0: SINGLE (Line Drive, 34D, EV 95.6 MPH)
Jerry Coleman to second
Throwing error, E9
Jerry Coleman scores
Beau Pruett to second
Batting: RHB Cole Kleiner 0-0: Swinging Strike
0-1: Foul Ball, location: 2F
0-2: Ball
1-2: Foul Ball, location: 2F
1-2: Strikes out swinging
Batting: RHB Nickolas Kennedy 0-0: Called Strike
Beau Pruett steals 3rd base
0-1: Ball
1-1: Foul Ball, location: 2F
1-2: Ball
2-2: Ground out U3 (Groundball, 34S, EV 76.2 MPH)
Batting: RHB Rice Mesyan 0-0: Ball
1-0: Ball
2-0: Ball
3-0: Ground out U3 (Groundball, 34, EV 84.4 MPH)
Bottom of the 7th over - 1 run, 1 hit, 2 errors, 1 left on base; New Orleans 3 - Seattle 6
TOP OF THE 8TH
New Orleans Voodoo batting - Pitching for Seattle Pilots : RHP B.B. Trynkov
Batting: LHB Daryl Walken 0-0: Swinging Strike
0-1: Ball
1-1: Foul Ball, location: 2F
1-2: Ball
2-2: Foul Ball, location: 2F
2-2: Ball
3-2: Strikes out swinging
Batting: LHB Devin Welninski 0-0: Fly out, F4 (Popup, 34S, EV 81.2 MPH)
Batting: LHB Tuck Vrsek 0-0: Ball
1-0: Fly out, F8 (Flyball, 8RXD, EV 96.2 MPH)
Top of the 8th over - 0 runs, 0 hits, 0 errors, 0 left on base; New Orleans 3 - Seattle 6
BOTTOM OF THE 8TH
Seattle Pilots batting - Pitching for New Orleans Voodoo : LHP Vanni Roos
Pitching: LHP Clinton Yates
Batting: RHB Karviar Smallwood 0-0: Called Strike
0-1: Ball
1-1: Foul Ball, location: 2F
1-2: Strikes out swinging
Batting: RHB Kynan Shaw 0-0: Ball
1-0: Ground out 4-3 (Groundball, 13, EV 82.5 MPH)
Batting: RHB Douglas Morrison 0-0: SINGLE (Groundball, 56, EV 94.4 MPH)
Batting: LHB Joseph Brandon 0-0: Called Strike
Douglas Morrison is caught stealing 2nd base 2-6
Bottom of the 8th over - 0 runs, 1 hit, 0 errors, 0 left on base; New Orleans 3 - Seattle 6
TOP OF THE 9TH
New Orleans Voodoo batting - Pitching for Seattle Pilots : RHP B.B. Trynkov
Pitching: LHP R.J. Gabriele
Batting: RHB Darrin Cramer 0-0: Called Strike
0-1: Ball
1-1: Swinging Strike
1-2: Strikes out swinging
Batting: RHB Dane Jennings 0-0: Ground out 4-3 (Groundball, 4, EV 90.0 MPH)
Batting: SHB Jaden Maldonado 0-0: Foul Ball, location: 2F
0-1: Swinging Strike
0-2: Ball
1-2: Strikes out looking
Top of the 9th over - 0 runs, 0 hits, 0 errors, 0 left on base; New Orleans 3 - Seattle 6
Friday, March 29th , 2024 - OOTP Baseball 23.10 Build 110